 Dungeon Crawl Stone Soup version 0.21.1-1-g345015f (webtiles) character file.

40 Jawreze the Shield-Bearer (level 3, -5/36 HPs)
             Began as a Troll Fighter on May 24, 2018.
             Slain by a sky beast (6 damage)
             ... on level 2 of the Dungeon.
             The game lasted 00:02:12 (906 turns).

Jawreze the Shield-Bearer (Troll Fighter)            Turns: 906, Time: 00:02:12

Health: -5/36      AC:  5    Str: 25    XL:     3   Next: 30%
Magic:  0/2        EV:  8    Int:  4    God:
Gold:   48         SH:  9    Dex:  9    Spells: 2/2 levels left

rFire    . . .     SeeInvis .     - Unarmed
rCold    . . .     Gourm    +   b - +0 shield
rNeg     . . .     Faith    .   a - +0 robe
rPois    .         Spirit   +   (helmet restricted)
rElec    .         Reflect  .   j - scarf {Spirit}
rCorr    .         Harm     .   (gloves unavailable)
MR       .....                  (boots unavailable)
Stlth    +.........             (no amulet)
HPRegen  0.52/turn              (no ring)
MPRegen  0.08/turn              (no ring)

@: no status effects
A: large, unfitting armour, claws 3, fast metabolism 3, gourmand, regeneration
1, shaggy fur 1, tough skin 2
a: no special abilities


You were on level 2 of the Dungeon.
You were near starving.

You visited 1 branch of the dungeon, and saw 2 of its levels.

You collected 48 gold pieces.

Inventory:

Armour
 a - a +0 robe (worn)
 b - a +0 shield (worn)
 j - a scarf of spirit shield (worn)
Jewellery
 e - an uncursed ring of stealth {unknown}
Scrolls
 f - 2 scrolls of magic mapping {unknown}
 g - a scroll of identify {unknown}
 i - a scroll of enchant weapon {unknown}
 l - a scroll of remove curse {unknown}
Potions
 c - a potion of might
 h - a potion of curing {unknown}
 k - a potion of degeneration {unknown}
Comestibles
 d - 2 rations


   Skills:
 - Level 2.6 Fighting
 - Level 2.6 Dodging
 * Level 3.1 Shields
 + Level 2.4 Unarmed Combat


You had 2 spell levels left.
You didn't know any spells.

Dungeon Overview and Level Annotations

Branches:
Dungeon (2/15)

Altars:
Dithmenos

Annotations:
D:2 Sigmund


Innate Abilities, Weirdness & Mutations

You are too large for most types of armour.
You have claws for hands.
Your metabolism is lightning-fast.
You like to eat raw meat.
Your natural rate of healing is unusually fast.
You are covered in fur. (AC +1)
You have very tough skin. (AC +2)


Message History

The sky beast is heavily wounded.
The sky beast hits you but does no damage.
You closely miss the sky beast.
The sky beast is moderately wounded.
The sky beast hits you.
* * * LOW HITPOINT WARNING * * *
The sky beast shocks you.
* * * LOW HITPOINT WARNING * * *
You claw the sky beast!
The sky beast is almost dead.
The sky beast barely misses you.
You scratch the sky beast but do no damage.
The sky beast is almost dead.
The sky beast flickers out of sight!
Deactivating autopickup; reactivate with Ctrl-A.
You block something's attack.
You barely miss something. Something hits you.
* * * LOW HITPOINT WARNING * * *
Something shocks you.
You die...

#. ## #. .###$ ..#. ###
...#.. ....# ..# #..
#...# ...###..#..# #....
###†{.##.....##.....
######..@................
r........##.........# ..#
######.####..._...####.#
#..##%..†.....##..#
#####.................#
#........##.....##.....
#..####..###..#..###.###
.. ##..##..###..##.#
#.......###.....#


There were no monsters in sight!

Vanquished Creatures
  An ooze (D:2)
  A dart slug (D:1)
  2 leopard geckos
  3 bats (D:1)
  2 giant cockroaches (D:1)
  3 goblins (D:1)
  3 hobgoblins (D:1)
  6 kobolds
  3 frilled lizards (D:1)
  9 rats
33 creatures vanquished.

Notes
Turn   | Place    | Note
-------+----------+-------------------------------------------
     0 | D:1      | Jawreze the Troll Fighter began the quest for the Orb.
     0 | D:1      | Reached XP level 1. HP: 22/22 MP: 0/0
   125 | D:1      | Reached XP level 2. HP: 23/29 MP: 1/1
   622 | D:1      | Reached XP level 3. HP: 35/36 MP: 2/2
   709 | D:2      | Reached skill level 3 in Shields
   736 | D:2      | Noticed Sigmund
   840 | D:2      | Found a shadowy altar of Dithmenos.
   869 | D:2      | Noticed a sky beast
   903 | D:2      | HP: 1/36 [sky beast (6)]
   906 | D:2      | Slain by a sky beast

Skill      XL: |  1  2  3 |
---------------+----------+-----
Shields        | 3 |  3.1
Fighting       | |  2.6
Dodging        | |  2.6
Unarmed Combat | |  2.4

Action                   || total
-------------------------++-------
Melee: Unarmed           ||   117
  Eat: Chunk             ||     4
Armor: Robe              ||    42
Dodge: Dodged            ||    44
Block: Shield            ||    48
